cohdb
Replays
Latest Replays
All Replays
Popular Replays
Top Player Replays
Match Explorer
How It Works
Community
CoH3 Stats
Reddit
Sign in to upload your games and track your stats! →
Sign in with Steam
Match 43131990
Unlisted
Match 43131990
Overview
Messages
Build Orders
End
Royal Engineer Section
Construct Section Command Post
Dingo Light Scout Car
Infantry Section
Infantry Section
Construct Platoon Command Post
Grenade Package
Humber Armored Car
Infantry Section
6-pounder Anti-tank Gun Team
Selects Air and Sea Battlegroup
Selects Supply Surplus
Construct Resource Cache
CMP 15cwt Truck
Construct Resource Cache
Construct Company Command Post
Selects Commando Section Paradrop
Selects M1 Pack Howitzer Paradrop
Crusader II Medium Tank
Crusader II Medium Tank
Infantry Training
Selects Anti-tank Rocket Loiter
Anti-tank Rocket Loiter
Foot Guards Section
Crusader II Medium Tank
Anti-tank Rocket Loiter
Selects UNKNOWN (223837)
Crusader II Medium Tank
6-pounder Anti-tank Gun Team
Royal Engineer Section
Crusader II Medium Tank
Anti-tank Rocket Loiter
Matilda II Heavy Tank
Zoomer
Daskter
Blanco
Hellfire
msw.*****
Greyshot117
gicobiwolfe
MoriMusic
0
0
Comments
sign in to comment!
No comments posted yet!